 Dungeon Crawl Stone Soup version 0.31.0-32-g396128a36d (webtiles) character file.

Game seed: 9618416174106213342

80 hawla the Firebug (level 4, -10/26 HPs)
             Began as a Deep Elf Fire Elementalist on Mar 25, 2024.
             Killed by divine providence
             ... invoked by an orc priest
              (13 damage)
             ... on level 3 of the Dungeon.
             The game lasted 00:04:32 (2029 turns).

hawla the Firebug (Deep Elf Fire Elementalist)      Turns: 2029, Time: 00:04:32

Health: -10/26     AC:  2    Str:  5    XL:     4   Next: 18%
Magic:  5/10       EV: 13    Int: 22    God:
Gold:   75         SH:  0    Dex: 21    Spells: 2/9 levels left

rFire   . . .        i - +3 rapier (drain)
rCold   . . .        (no shield)
rNeg    . . .        a - +0 robe
rPois   .            (no helmet)
rElec   .            (no cloak)
rCorr   .            (no gloves)
SInv    .            (no boots)
Will    .....        (no amulet)
Stlth   ++           g - +6 ring of dexterity
HPRegen 0.24/turn    (no ring)
MPRegen 0.12/turn

%: no passive effects
@: no status effects
A: no striking features
a: no special abilities


You were on level 3 of the Dungeon.
You visited 1 branch of the dungeon, and saw 3 of its levels.

You collected 75 gold pieces.

Inventory:

Hand Weapons
 i - a +3 rapier of draining (weapon)
Armour
 a - a +0 robe (worn)
Jewellery
 g - a +6 ring of dexterity (left hand)
Talismans
 m - a maw talisman
Scrolls
 c - a scroll of vulnerability {unknown}
 d - a scroll of silence {unknown}
 f - a scroll of enchant weapon {unknown}
 h - a scroll of noise {unknown}
 j - a scroll of amnesia {unknown}
 k - a scroll of teleportation {unknown}
Potions
 b - a potion of haste {unknown}
 e - a potion of resistance {unknown}
 l - 2 potions of curing {unknown}
 n - a potion of heal wounds {unknown}


   Skills:
 - Level 1.6 Fighting
 * Level 2.5 Short Blades
 - Level 3.1 Dodging
 - Level 2.4 Stealth
 - Level 3.0 Spellcasting
 + Level 1.1 Conjurations
 + Level 3.3 Fire Magic
 * Level 0.0 Shapeshifting


You had 2 spell levels left.
You knew the following spells:

 Your Spells              Type           Power      Damage    Failure   Level
a - Foxfire               Conj/Fire      52%        2x1d6     4%          1
b - Scorch                Fire           34%        2d6       4%          2
c - Flame Wave            Conj/Fire      13%        2d6       45%         4

Your spell library contained the following spells:

 Spells                   Type           Power      Damage    Failure   Level
 Magic Dart               Conj           32%        1d4       8%          1
 Static Discharge         Conj/Air       10%        3-4/arc   16%         2
 Blink                    Tloc           6%         N/A       19%         2
 Call Imp                 Summ           6%         N/A       19%         2
 Inner Flame              Hex/Fire       10%        N/A       19%         3
 Volatile Blastmotes      Fire/Tloc      20%        2d11      19%         3
 Airstrike                Air            1%         2d(1-17)  77%         4
 Summon Lightning Spire   Summ/Air       3%         N/A       77%         4


Dungeon Overview and Level Annotations

Branches:
Dungeon (3/15)

Altars:

Shops:
D:2 (


Message History

Done exploring.
Done exploring.
Search for what [Enter for "rmo", or ? for help]? tif Search for what [Enter for "tif", or ? for help]? lad Search for what [Enter for "lad", or ? for help]? rmo What level of the Dungeon? (default 2, ? - help)
There is a stone staircase leading down here.
You climb downwards.
There is a stone staircase leading up here.
There are monsters nearby!
Casting: Foxfire (safe; 4% risk of failure)
Confirm with . or Enter, or press ? or * to list all spells.
Flames lash the orc.
You kill the orc!
The orc shouts!
Casting: Scorch (safe; 4% risk of failure)
Confirm with . or Enter, or press ? or * to list all spells.
You conjure some foxfire!
The orc priest shouts!
The orc misses you.
Casting: Foxfire (safe; 4% risk of failure)
Confirm with . or Enter, or press ? or * to list all spells.
Flames lash the orc.
The orc is heavily wounded.
The orc's fire resistance burns away.
The foxfire hits the orc but does no damage.
The orc is heavily wounded.
The foxfire hits the orc but does no damage.
The orc is heavily wounded.
The orc priest invokes the aid of Beogh against something.
Beogh smites you!
Ouch! That really hurt!
The orc hits you with a +0 morningstar.
* * * LOW HITPOINT WARNING * * *
The orc hits you with a +0 morningstar.
* * * LOW HITPOINT WARNING * * *
The orc priest invokes the aid of Beogh against something.
Beogh smites you!
Ouch! That really hurt!
You die...

###
#@#
#.oo#
#.8.#
#)..#
##o##
#.#
...
.8.


You could see an orc priest and 2 orcs.

Vanquished Creatures
  Jessica (D:2)
  An adder (D:2)
  A dart slug (D:2)
  An orc (D:3)
  8 bats
  3 endoplasms (D:1)
  3 giant cockroaches
  2 goblins
  2 hobgoblins (D:1)
  4 kobolds
  A quokka (D:2)
  6 ball pythons
  3 frilled lizards
  6 rats
42 creatures vanquished.

Vanquished Creatures (collateral kills)
  2 foxfires (D:2)
2 creatures vanquished.

Vanquished Creatures (others)
  83 foxfires
83 creatures vanquished.

Grand Total: 127 creatures vanquished

Notes
Turn   | Place    | Note
-------+----------+-------------------------------------------
     0 | D:1      | hawla the Deep Elf Fire Elementalist began the quest for
                  | the Orb.
     0 | D:1      | Reached XP level 1. HP: 10/10 MP: 6/6
   273 | D:1      | Reached skill level 1 in Fighting
   318 | D:1      | Reached XP level 2. HP: 16/16 MP: 6/8
   351 | D:1      | Learned a level 2 spell: Scorch
  1040 | D:2      | Reached XP level 3. HP: 21/21 MP: 9/9
  1109 | D:2      | Found Ypie's Antique Weapon Boutique.
  1226 | D:2      | Reached skill level 1 in Short Blades
  1491 | D:2      | Noticed Jessica
  1495 | D:2      | Killed Jessica
  1500 | D:2      | Reached XP level 4. HP: 22/26 MP: 0/10
  1574 | D:2      | Learned a level 4 spell: Flame Wave
  2029 | D:3      | Killed from afar by an orc priest

Illustrated notes

Levels and vault maps discovered:
D:1:      amcnicky_arrival_feature_with_door, layout_loops_ring,
          minmay_misc_feat_tower
D:2:      layout_basic, serial_shops, nicolae_shop_trees, minmay_hedge_maze,
          uniq_jessica
D:3:      layout_rooms, dreamdust_ecumenical_altar_angels_and_demons,
          grunt_ministairs_4

Skill      XL: |  1  2  3 |
---------------+----------+-----
Fighting       | 1 |  1.6
Dodging        | 3 |  3.1
Short Blades   | 2 |  2.5
Stealth        | |  2.4
Spellcasting   | |  3.0
Conjurations   | |  1.1
Fire Magic     | |  3.3

Action                     |  1- 3 |  4- 6 || total
---------------------------+-------+-------++-------
  Melee: Unarmed           |     3 |       ||     3
         Rapier            |     5 |     1 ||     6
   Cast: Foxfire           |    47 |     4 ||    51
         Scorch            |     8 |     4 ||    12
    Use: Potion            |       |     1 ||     1
   Stab: Sleeping          |     1 |       ||     1
 Armour: Robe              |    12 |     7 ||    19
  Dodge: Dodged            |    20 |     7 ||    27
